 Dungeon Crawl Stone Soup version 0.21-a0-265-gb353147 (webtiles) character file.

676 unthank the Caller (level 7, -10/51 HPs)
             Began as a Mummy Summoner on Sept 10, 2017.
             Killed from afar by a smoke demon (12 damage)
             ... with a sticky flame
             ... summoned by miscasting Summon Ice Beast
             ... on level 6 of the Dungeon.
             The game lasted 00:18:12 (8873 turns).

unthank the Caller (Mummy Summoner)                 Turns: 8873, Time: 00:18:13

Health: -10/51     AC:  4    Str: 11    XL:     7   Next: 33%
Magic:  6/24       EV: 12    Int: 17    God:
Gold:   267        SH:  0    Dex: 12    Spells: 2/16 levels left

rFire    x . .     SeeInvis .   l - +1 flail (drain)
rCold    + . .     Gourm    .   (no shield)
rNeg     + + +     Faith    .   i - +2 robe {MR+}
rPois    ∞         Spirit   .   (no helmet)
rElec    .         Reflect  .   (no cloak)
rCorr    .         Harm     .   (no gloves)
MR       +....                  (no boots)
Stlth    +.........             (no amulet)
HPRegen  0.17/turn              j - ring of magical power
MPRegen  0.19/turn              (no ring)

@: liquid flames, about to teleport, very slightly contaminated, glowing
A: no food or potions, fire vulnerability, cold resistance 1, negative energy
resistance 3, torment resistance, unbreathing
a: no special abilities


You were on level 6 of the Dungeon.
You were not hungry.

You visited 1 branch of the dungeon, and saw 6 of its levels.

You collected 267 gold pieces.

Inventory:

Hand Weapons
 e - a +0 club
 h - a +0 dagger
 k - a +2 hunting sling of velocity
 l - a +1 flail of draining (weapon)
Missiles
 d - 197 stones (quivered)
Armour
 a - a +1 robe
 i - a +2 robe of magic resistance (worn)
Jewellery
 j - a ring of magical power (left hand)
Scrolls
 c - 2 scrolls of enchant weapon
 g - 3 scrolls of identify
 m - a scroll of recharging
Books
 b - a book of Callings

   Spells                             Type                      Level
   a - Summon Small Mammal            Summoning                    1
   b - Call Imp                       Summoning                    2
   c - Call Canine Familiar           Summoning                    3
   d - Summon Guardian Golem          Hexes/Summoning              3
   e - Summon Lightning Spire         Summoning/Air                4
   f - Summon Ice Beast               Ice/Summoning                4
 f - a book of Changes

   Spells                             Type                      Level
   a - Beastly Appendage              Transmutation                1
   b - Sticks to Snakes               Transmutation                2
   c - Spider Form                    Transmutation/Poison         3
   d - Ice Form                       Ice/Transmutation            4
   e - Blade Hands                    Transmutation                5


   Skills:
 + Level 2.6 Fighting
 - Level 1.7 Slings
 - Level 1.7 Dodging
 - Level 1.6 Stealth
 + Level 5.4 Spellcasting
 * Level 5.8 Summonings


You had 2 spell levels left.
You knew the following spells:

 Your Spells              Type           Power        Failure   Level  Hunger
a - Summon Small Mammal   Summ           ###.         1%          1    N/A
b - Call Imp              Summ           ###.....     1%          2    N/A
c - Call Canine Familiar  Summ           ###.....     3%          3    N/A
d - Summon Ice Beast      Ice/Summ       ##......     38%         4    N/A
e - Summon Lightning Spi  Summ/Air       ##......     38%         4    N/A

Dungeon Overview and Level Annotations

Branches:
Dungeon (6/15)
 Temple: D:4-7

Altars:
Xom

Shops:
D:6 :


Innate Abilities, Weirdness & Mutations

You do not eat or drink.
Your flesh is vulnerable to fire.
You are immune to poison.
Your flesh is cold resistant. (rC+)
You are immune to negative energy. (rN+++)
You are immune to unholy pain and torment.
You can survive without breathing.


Message History

Unknown command.
Press: ? - help, v - describe, . - travel
Here: a smoke demon (summoned)
The floor.
Unknown command.
Unknown command.
You can't drink.
Okay, then.
Unknown command.
You aren't carrying any items that you can evoke.
Unknown command.
As you read the scroll of teleportation, it crumbles to dust.
You feel strangely unstable. The ice beast hits you.
* * * LOW HITPOINT WARNING * * *
The ice beast freezes you. You resist.
* * * LOW HITPOINT WARNING * * *
The smoke demon gestures at you. The sticky flame hits you!
The fire burns you terribly!
You are covered in liquid flames!
You die...

# #.# #..#.# #
##.###....# #
####...##...(# #
#..5.#.......# #
#.##...##....# #
#.###.####.#.# # #.#
#.# #.#.# # #.# #.#
#3#.# # #.# #.#
#@#h# # ##.###.#
#Y#.# # ##...##.#
#5#Y#
#####.#)#.#.####Y#.#
.5......>.......h..#
###.#.#.....####.###
....##.......###.#
#####.........<..#
######.......#####


You could see a smoke demon, an ice beast, a friendly ice beast, a friendly
hound and a friendly white imp.

Vanquished Creatures
  An orc priest (D:4)
  An orc wizard (D:4)
  3 adders
  2 howler monkey skeletons (D:4)
  A shadow imp (D:5)
  3 worms
  A dart slug (D:1)
  2 leopard geckos
  3 orcs
  3 bats
  2 hobgoblins
  4 jackals (D:5)
  A quokka (D:4)
  A ball python (D:2)
  A frilled lizard (D:2)
  2 goblins
  5 kobolds
  A quokka zombie (D:5)
  3 rats
40 creatures vanquished.

Vanquished Creatures (collateral kills)
  The ghost of Slowdrip the Skirmisher, an amateur HaGl (D:3)
  Edmund (D:4)
  Duvessa (D:4)
  2 ogres
  Dowan (D:4)
  A jelly (D:5)
  An orc wizard (D:3)
  3 iguanas (D:5)
  Natasha (D:4)
  3 worker ants
  A hound zombie (D:5)
  7 adders
  A shadow imp (D:5)
  An adder skeleton (D:5)
  2 worms (D:2)
  3 dart slugs (D:1)
  8 orcs
  3 ball pythons
  8 bats
  5 giant cockroaches
  7 goblins
  4 hobgoblins
  7 jackals
  2 quokkas
  4 frilled lizards (D:1)
  6 kobolds
  A leopard gecko skeleton (D:4)
  A leopard gecko zombie (D:5)
  3 rats
89 creatures vanquished.

Vanquished Creatures (others)
  A worker ant (D:5)
  A giant cockroach (D:5)
  A jackal (D:5)
3 creatures vanquished.

Grand Total: 132 creatures vanquished

Notes
Turn   | Place    | Note
-------+----------+-------------------------------------------
     0 | D:1      | unthank the Mummy Summoner began the quest for the Orb.
     0 | D:1      | Reached XP level 1. HP: 13/13 MP: 4/4
  1002 | D:1      | Reached XP level 2. HP: 19/19 MP: 3/6
  1036 | D:1      | Learned a level 2 spell: Call Imp
  2881 | D:1      | Reached XP level 3. HP: 22/24 MP: 0/7
  3809 | D:3      | Reached XP level 4. HP: 30/30 MP: 4/9
  3987 | D:3      | Reached skill level 1 in Slings
  4289 | D:3      | Noticed Slowdrip's ghost (amateur HaGl)
  4502 | D:3      | Killed Slowdrip's ghost
  4502 | D:3      | Reached XP level 5. HP: 21/35 MP: 0/11
  5192 | D:3      | Learned a level 3 spell: Call Canine Familiar
  5197 | D:3      | Learned a level 4 spell: Summon Ice Beast
  5360 | D:4      | Noticed Dowan
  5709 | D:4      | Noticed Duvessa
  5728 | D:4      | Killed Duvessa
  5728 | D:4      | Reached XP level 6. HP: 42/42 MP: 5/13
  5923 | D:4      | Killed Dowan
  6285 | D:4      | Reached skill level 1 in Fighting
  6666 | D:4      | Reached skill level 5 in Summonings
  6827 | D:4      | Noticed Natasha
  6827 | D:4      | Noticed Edmund
  6839 | D:4      | Killed Natasha
  6843 | D:4      | Killed Edmund
  6843 | D:4      | Reached skill level 5 in Spellcasting
  7165 | D:4      | Got a distressingly furry robe
  7166 | D:4      | Identified the +1 robe of Xilun Lool {Dex+3 Slay-5 Stlth+} (You found it on level 4 of the Dungeon)
  7461 | D:5      | Entered Level 5 of the Dungeon
  7521 | D:5      | Found a shimmering altar of Xom.
  7591 | D:5      | Learned a level 4 spell: Summon Lightning Spire
  7737 | D:5      | Reached XP level 7. HP: 50/50 MP: 14/14
  8635 | D:6      | Noticed a spatial vortex
  8639 | D:6      | Found Hiufrohe's Book Shop.
  8870 | D:6      | Noticed a smoke demon
  8873 | D:6      | HP: 2/51 [ice beast (2)]
  8873 | D:6      | Killed from afar by a smoke demon

Vault maps used:
D:1:      evilmike_arrival_rings
D:2:      kb_forest_paths
D:3:      portal_sewer_entry_b, moated_statue, grunt_decor_cap
D:4:      first_bread, hangedman_decor_growths, kennysheep_windowed_goal,
          uniq_natasha, uniq_duvessa, uniq_edmund
D:5:      xom_confusion_cloud
D:6:      minitemple, minmay_temple_entry_statues_fountains, serial_shops, shop,
          enter_ossuary_5

Skill      XL: |  1  2  3  4  5  6 |
---------------+-------------------+-----
Spellcasting   | 3 4 5 |  5.4
Summonings     | 4 5 |  5.8
Slings         | 1 |  1.7
Fighting       | 2 |  2.6
Dodging        | |  1.7
Stealth        | |  1.6

Action                   |  1- 3 |  4- 6 |  7- 9 || total
-------------------------+-------+-------+-------++-------
Melee: Unarmed           |    13 |       |       ||    13
       Club              |       |     5 |       ||     5
       Flail             |       |     1 |    23 ||    24
 Fire: Hunting sling     |    34 |    96 |     4 ||   134
Throw: Stone             |    15 |       |       ||    15
 Cast: Summon Small Mamm |    17 |       |       ||    17
       Call Imp          |    47 |   112 |    34 ||   193
       Call Canine Famil |       |     6 |     8 ||    14
       Summon Ice Beast  |       |       |     1 ||     1
  Use: Scroll            |       |     7 |     3 ||    10
 Stab: Distracted        |     1 |     1 |       ||     2
Armor: Robe              |    29 |    13 |    10 ||    52
Dodge: Dodged            |   112 |    36 |    36 ||   184

Table legend:
 A = Spawn XP
 B = Non-spawn XP
 C = Spawn XP percentage of total XP
 D = Spawn monster count
 E = Non-spawn monster count
 F = Spawn count percentage of total count
 G = Total turns spent on level
                    A         B        C        D         E        F      G
               +---------+---------+-------+---------+---------+-------+---------
         Total |       0 |     967 |   0.0 |       0 |     129 |   0.0 |  8873
               +---------+---------+-------+---------+---------+-------+---------
           D:1 |       0 |      44 |   0.0 |       0 |      38 |   0.0 |  3107
           D:2 |       0 |      51 |   0.0 |       0 |      20 |   0.0 |   695
           D:3 |       0 |     205 |   0.0 |       0 |      26 |   0.0 |  2251
           D:4 |       0 |     345 |   0.0 |       0 |      18 |   0.0 |  1408
           D:5 |       0 |     231 |   0.0 |       0 |      22 |   0.0 |  1160
           D:6 |       0 |      91 |   0.0 |       0 |       5 |   0.0 |   252
               +---------+---------+-------+---------+---------+-------+---------
